cohdb
Replays
Latest Replays
All Replays
Popular Replays
Top Player Replays
Match Explorer
How It Works
Community
CoH3 Stats
Reddit
Sign in to upload your games and track your stats! →
Sign in with Steam
Match 40467695
Unlisted
Match 40467695
Overview
Messages
Build Orders
End
Panzergrenadier Squad
Selects Italian Infantry
Selects Italian Infantry
Panzergrenadier Squad
Construct Light Support Kompanie
Panzerpioneer Squad
2.5-tonne Medical Truck
Construct Mechanized Kompanie
Assault Mechanized Group
Marder III Tank Destroyer
8 Rad Armored Car
Selects Guastatori Squad
Selects Registered Artillery
Registered Artillery
Guastatori Squad
Selects Towed Cannone da 105/28 Field Howitzer
Towed Cannone da 105/28 Field Howitzer
Forward Retreat Point
Support Armor Elements
Pak 38 Mechanized Group
Construct Panzerarmee Kommand
Selects Defensive Operations
Selects Prepared Positions
Armored Reserves
Tiger Heavy Tank
[=M$=]Bonello10
Phoenix
lazhadeg
Moltke1871
LPG
espitaon
Pico
Lady Talie
0
0
Comments
sign in to comment!
No comments posted yet!